 Dungeon Crawl Stone Soup version 0.25.0-41-g26779e291d (console) character file.

Game seed: 7975056670181824807

6489 Kagalorn the Thaumaturge (level 11, -6/71 HPs)
             Began as an Octopode Wizard on July 10, 2020.
             Was an Initiate of Gozag.
             Mangled by a wyvern (11 damage)
             ... on level 9 of the Dungeon.
             The game lasted 00:38:30 (15751 turns).

Kagalorn the Thaumaturge (Octopode Wizard)         Turns: 15751, Time: 00:38:30

Health: -6/71      AC:  2    Str:  6    XL:     11   Next: 0%
Magic:  0/25       EV: 16    Int: 24    God:    Gozag
Gold:   1233       SH:  0    Dex: 11    Spells: 20/30 levels left

rFire    . . .     SeeInvis .   a - +4 spear (venom)
rCold    + . .     Gourm    .   (no shield)
rNeg     . . .     Faith    .   n - +1 hat
rPois    .         Spirit   +   j - amulet of guardian spirit
rElec    .         Reflect  .   C - ring of protection from cold
rCorr    .         Harm     .   (no ring)
MR       .....                  (no ring)
Stlth    +++.......             (no ring)
HPRegen  0.21/turn              (no ring)
MPRegen  0.19/turn              (no ring)
                                (no ring)
                                (no ring)

@: lightly drained
A: almost no armour, stealthy swim, amphibious, 8 rings, constrict 8, camouflage
1, gelatinous body 1
a: Potion Petition, Call Merchant, Bribe Branch, Renounce Religion


You were on level 9 of the Dungeon.
You worshipped Gozag.
Gozag was most pleased with you.
You were not hungry.

You visited 2 branches of the dungeon, and saw 10 of its levels.
You also visited: Ossuary.

You collected 1738 gold pieces.
You paid 505 gold pieces to Gozag.

Inventory:

Hand Weapons
 a - a +4 spear of venom (weapon)
 b - a +2 scimitar
 q - a +4 short sword
Missiles
 k - 202 arrows
 r - 54 bolts
 w - 4 javelins
 z - 14 poisoned darts (quivered)
 B - a throwing net
 D - a boomerang
 L - 295 stones
Armour
 n - a +1 hat (worn)
Magical Staves
 J - an uncursed staff of air {unknown}
Jewellery
 j - an amulet of guardian spirit (around mantle)
 t - an uncursed ring of magical power
 C - a ring of protection from cold (left tentacle)
Wands
 v - a wand of flame (18)
 y - a wand of polymorph (9)
 F - a wand of random effects (23)
Scrolls
 e - 4 scrolls of enchant armour
 f - 3 scrolls of teleportation
 g - 2 scrolls of vulnerability
 i - 3 scrolls of fear
 p - a scroll of amnesia
 u - 3 scrolls of remove curse
 K - a scroll of enchant weapon
Potions
 d - a potion of brilliance
 h - 2 potions of haste {unknown}
 l - 2 potions of resistance
 m - 3 potions of flight
 o - 3 potions of invisibility
 s - 2 potions of heal wounds
 x - 4 potions of mutation
 A - 3 potions of berserk rage
 E - a potion of cancellation
 G - 3 potions of stabbing
 H - a potion of ambrosia
 I - 3 potions of curing
Comestibles
 c - 4 rations


   Skills:
 - Level 5.0(4.4) Fighting
 + Level 7.6(7.0) Dodging
 - Level 2.6(2.2) Stealth
 - Level 10.0(9.4) Spellcasting
 - Level 4.0(3.5) Conjurations
   Level 1.0(0.5) Summonings
 - Level 4.0(3.5) Translocations
 - Level 4.0(3.5) Fire Magic
 - Level 4.0(3.5) Air Magic
 - Level 4.0(3.5) Poison Magic


You had 20 spell levels left.
You knew the following spells:

 Your Spells              Type           Power        Failure   Level  Hunger
a - Magic Dart            Conj           ####         1%          1    None
c - Conjure Flame         Conj/Fire      ####....     4%          3    None
d - Mephitic Cloud        Conj/Pois/Air  ####....     4%          3    None
h - Blink                 Tloc           N/A          1%          2    None
p - Apportation           Tloc           ####..       1%          1    None

Your spell library contained the following spells:

 Spells                   Type           Power        Failure   Level  Hunger
 Shock                    Conj/Air       ####         1%          1    None
 Summon Small Mammal      Summ           ##..         4%          1    None
 Swiftness                Chrm/Air       ###.....     4%          2    None
 Static Discharge         Conj/Air       ####....     4%          3    None
 Animate Skeleton         Necr           N/A          5%          1    None
 Corona                   Hex            ##.....      5%          1    None
 Call Imp                 Summ           ##......     7%          2    None
 Slow                     Hex            ##......     9%          2    None
 Inner Flame              Hex/Fire       ###.....     9%          3    None
 Portal Projectile        Hex/Tloc       ###...       9%          3    None
 Airstrike                Air            ####......   13%         4    ##.....
 Lightning Bolt           Conj/Air       ####......   36%         5    ####...
 Cause Fear               Hex            ##........   50%         4    ##.....
 Leda's Liquefaction      Hex/Erth       ##........   50%         4    ##.....


Dungeon Overview and Level Annotations

Branches:
Dungeon (9/15)             Temple (1/1) D:6         Ossuary (visited)
   Lair: D:8-11         Orc: D:9-12

Altars:
Ashenzari
Cheibriados
Dithmenos
Elyvilon
Fedhas
Gozag
Hepliaklqana
Kikubaaqudgha
Makhleb
Nemelex Xobeh
Okawaru
Qazlal
Ru
Sif Muna
Trog
Uskayaw
Vehumet
Wu Jian
Xom
Yredelemnul
Zin
The Shining One

Shops:
D:6 (

Annotations:
D:5 3 runed translucent doors, sirjames's ghost, novice GnSk


Innate Abilities, Weirdness & Mutations

You cannot wear most types of armour.
You are very stealthy in the water. (Stealth+)
You are amphibious.
You can wear up to eight rings at the same time.
You can use your tentacles to constrict eight enemies at once.
Your skin changes colour to match your surroundings (Stealth+).
Your rubbery body absorbs attacks. (AC +1, EV +1)


Message History

You hit the wyvern.
The wyvern looks as sick as possible!
The wyvern is heavily wounded.
The wyvern bites you!
Casting: Conjure Flame (dangerous; 4% risk of failure)
Confirm with . or Enter, or press ? or * to list all spells.
You blink.
The wyvern hisses menacingly.
You are too injured to fight recklessly!
You are too injured to fight recklessly!
You hit the wyvern but do no damage.
The wyvern is almost dead.
The wyvern bites you! The wyvern barely misses you.
You closely miss the wyvern. Your squeeze misses the wyvern.
The wyvern is almost dead.
The wyvern bites you!!
* * * LOW HITPOINT WARNING * * *
The wyvern misses you. The wyvern bites you!
You die...
Your body crumbles into a pile of gold.

..(.(§...((...(..........#..#....
....$$...##(.#.#.#.#.#.#....#....
.......$####.....................
..........#....⌠.....⌠...........
.................._..............
.......#.......⌠.....⌠...........
#.....##..##.....................
#....##......#.#.#.#.#.#.........
#....##....#...l@..............#.
########...###....##...........#.
#..####.........#.)<.....# ####
#.........##.......##
##.#..........##....####
......................##
.......................#
..............#......###
###.....####.###..####


You could see a wyvern (very poisoned).

Vanquished Creatures
  Harold (D:8)
  2 hippogriffs
  A wraith (Ossuary)
  2 wyverns (D:8)
  3 yaks (D:8)
  2 sky beasts
  3 black bears (D:8)
  An ice beast (D:8)
  3 phantoms
  7 ogres
  An eye of draining (D:8)
  3 centaurs
  2 crocodiles
  A big kobold (D:8)
  2 gnoll sergeants
  4 bullfrogs
  4 scorpions
  5 killer bees (D:8)
  4 wights (D:7)
  An electric eel (D:9)
  A howler monkey (D:7)
  2 centaur zombies
  6 crimson imps
  11 hounds
  2 jellies (D:6)
  2 orc priests
  3 bullfrog skeletons
  2 orc wizards
  A centaur skeleton (D:7)
  3 gnoll shamans
  2 iguanas
  5 worker ants
  A hound zombie (D:7)
  Robin (D:1)
  2 worker ant zombies
  A mummy (Ossuary)
  16 gnolls
  A howler monkey skeleton (D:8)
  13 adders
  3 oozes (D:1)
  An adder zombie (D:5)
  An adder skeleton (D:8)
  4 worms
  3 dart slugs
  10 leopard geckos
  15 orcs
  4 giant cockroaches
  9 goblins
  7 hobgoblins
  19 jackals
  10 kobolds
  3 quokkas
  2 ball pythons (D:3)
  10 bats
  6 frilled lizards
  8 gnoll skeletons (Ossuary)
  A jackal skeleton (D:4)
  8 kobold skeletons (Ossuary)
  A leopard gecko skeleton (D:4)
  9 orc skeletons (Ossuary)
  15 rats
276 creatures vanquished.

Vanquished Creatures (others)
  An orc wizard (D:7)
1 creature vanquished.

Grand Total: 277 creatures vanquished

Notes
Turn   | Place    | Note
-------+----------+-------------------------------------------
     0 | D:1      | Kagalorn the Octopode Wizard began the quest for the Orb.
     0 | D:1      | Reached XP level 1. HP: 11/11 MP: 4/4
   211 | D:1      | Reached XP level 2. HP: 8/17 MP: 0/6
   868 | D:1      | Reached XP level 3. HP: 18/21 MP: 5/7
  1693 | D:2      | Reached XP level 4. HP: 21/27 MP: 0/9
  1700 | D:1      | Learned a level 2 spell: Blink
  2261 | D:2      | Noticed Robin
  2289 | D:1      | Killed Robin
  2289 | D:1      | Reached XP level 5. HP: 28/31 MP: 5/10
  2912 | D:2      | Found a shattered altar of Ashenzari.
  3009 | D:2      | Reached skill level 4 in Spellcasting
  3215 | D:3      | Found a bloodstained altar of Trog.
  3380 | D:3      | Found an opulent altar of Gozag.
  3380 | D:3      | Found a sparkling altar of Nemelex Xobeh.
  3396 | D:3      | Learned a level 3 spell: Mephitic Cloud
  3423 | D:3      | Became a worshipper of Gozag Ym Sagoz the Greedy
  4237 | D:3      | Reached XP level 6. HP: 37/37 MP: 8/12
  4275 | D:3      | Reached skill level 1 in Poison Magic
  4459 | D:3      | Learned a level 1 spell: Apportation
  4778 | D:4      | Learned a level 3 spell: Conjure Flame
  4803 | D:4      | Reached skill level 1 in Fighting
  4803 | D:4      | Reached skill level 1 in Air Magic
  4977 | D:4      | Found a sacrificial altar of Ru.
  4987 | D:4      | Noticed a phantom
  5040 | D:4      | Killed a phantom
  5040 | D:4      | Reached XP level 7. HP: 40/43 MP: 0/14
  5354 | D:4      | Found a hazy altar of Hepliaklqana.
  5517 | D:4      | Found a snail-covered altar of Cheibriados.
  5921 | D:4      | Reached skill level 5 in Spellcasting
  6305 | D:5      | Entered Level 5 of the Dungeon
  6313 | D:5      | Found a runed translucent gate.
  6313 | D:5      | Found a runed translucent gate.
  6313 | D:5      | Found a runed translucent gate.
  6343 | D:5      | Noticed sirjames's ghost (novice GnSk)
  6613 | D:5      | Found a burning altar of Makhleb.
  7332 | D:5      | Reached XP level 8. HP: 37/50 MP: 3/16
  8615 | D:6      | Found a staircase to the Ecumenical Temple.
  8622 | Temple   | Entered the Ecumenical Temple
  8844 | D:6      | You fall into a shaft and drop 2 floors!
  8935 | D:8      | Reached skill level 6 in Spellcasting
  9148 | D:8      | Reached XP level 9. HP: 57/57 MP: 18/18
  9213 | D:8      | Found a sand-covered staircase.
  9219 | Ossuary  | Entered an ossuary
 10025 | D:8      | Reached skill level 7 in Spellcasting
 10532 | D:6      | Found Miavabig's Weapon Shoppe.
 10804 | D:6      | Reached skill level 5 in Dodging
 11001 | D:7      | Reached skill level 1 in Fire Magic
 11590 | D:7      | HP: 2/60 [orc priest (3)]
 11594 | D:7      | Reached skill level 8 in Spellcasting
 11639 | D:7      | Reached skill level 5 in Fighting
 11942 | D:7      | Reached XP level 10. HP: 58/66 MP: 13/22
 13375 | D:8      | Noticed Harold
 13491 | D:8      | HP: 1/99 [Harold/+0 war axe (5)]
 13501 | D:8      | Killed Harold
 13501 | D:8      | Reached skill level 9 in Spellcasting
 14436 | D:9      | Found a white marble altar of Elyvilon.
 15533 | D:9      | Reached skill level 10 in Spellcasting
 15678 | D:9      | Reached XP level 11. HP: 47/71 MP: 11/25
 15751 | D:9      | Mangled by a wyvern

Illustrated notes

Levels and vault maps discovered:
D:1:      roderic_dead_forest, layout_loops_cross
D:2:      layout_loops_ring, lemuel_crystal_altar, kennysheep_potato, uniq_robin
D:3:      layout_basic, grunt_temple_overflow_opulence,
          overflow_temple_1_default
D:4:      layout_gridville, hangedman_ru_absence, lemuel_coloured_pillars_altar,
          kennysheep_mini
D:5:      layout_loops_ring, nicolae_overflow_crystal_walls, first_ration,
          gammafunk_ghost_icy
D:6:      layout_basic, minmay_temple_entry_enclosed_plants, serial_shops,
          kennysheep_mini_moat
D:7:      layout_basic
D:8:      layout_loops_ring, nicolae_ossuary_entry_plus, uniq_harold
D:9:      layout_cave_pools, elyvilon_altar_5, serial_gnoll_camp,
          gnoll_camp_mini_sergeant, gnoll_camp_huts_moat, gnoll_camp_mini_hut,
          gnoll_camp_mini_house
Temple:   dshaligram_water_room_temple

Skill      XL: |  1  2  3  4  5  6  7  8  9 10 |
---------------+-------------------------------+-----
Conjurations   | 2 3 4 |  4.0
Spellcasting   | 4 5 6 8 10 | 10.0
Poison Magic   | 2 4 |  4.0
Fighting       | 1 2 3 5 |  5.0
Air Magic      | 1 2 3 4 |  4.0
Translocations | 2 3 4 |  4.0
Dodging        | 3 4 5 7 |  7.6
Fire Magic     | 2 4 |  4.0
Stealth        | |  2.6
Summonings     | |  1.0

Action                   |  1- 3 |  4- 6 |  7- 9 | 10-12 || total
-------------------------+-------+-------+-------+-------++-------
Melee: Mace              |    13 |    21 |    29 |       ||    63
       Unarmed           |     7 |       |       |       ||     7
       Constrict         |     4 |     7 |    17 |    13 ||    41
       Tentacles         |     2 |     3 |    22 |    15 ||    42
       Short sword       |       |       |    84 |    38 ||   122
       Spear             |       |       |       |    78 ||    78
Throw: Dart              |       |       |     8 |     2 ||    10
 Cast: Magic Dart        |    61 |   215 |   439 |   220 ||   935
       Conjure Flame     |       |     1 |    22 |    15 ||    38
       Blink             |       |     1 |    10 |    16 ||    27
Invok: Potion Petition   |       |       |     2 |       ||     2
Evoke: Wand              |       |     2 |     8 |    17 ||    27
  Use: Scroll            |       |     8 |    14 |     3 ||    25
       Potion            |       |       |     3 |     4 ||     7
 Stab: Sleeping          |       |       |     9 |     2 ||    11
       Invisible         |       |       |       |     2 ||     2
       Distracted        |       |       |       |     1 ||     1
  Eat: Chunk             |     2 |     6 |       |       ||     8
       Ration            |       |     1 |     7 |     3 ||    11
Armor: Skin              |     2 |     5 |    13 |    53 ||    73
Dodge: Dodged            |    18 |    63 |   171 |   158 ||   410
